 Dungeon Crawl Stone Soup version 0.31-a0-865-g3d5d91748a (webtiles) character file.

Game seed: 15125962371856316449

161 kae the Vexing (level 5, -3/35 HPs)
             Began as a Demonspawn Enchanter on Oct 10, 2023.
             Slain by an orc
             ... wielding a +0 flail
              (7 damage)
             ... on level 3 of the Dungeon.
             The game lasted 00:02:33 (2730 turns).

kae the Vexing (Demonspawn Enchanter)               Turns: 2730, Time: 00:02:33

Health: -3/35      AC:  3    Str:  8    XL:     5   Next: 19%
Magic:  7/8        EV: 12    Int: 17    God:
Gold:   91         SH:  0    Dex: 15    Spells: 4/9 levels left

rFire   . . .        a - +2 dagger
rCold   . . .        (no shield)
rNeg    . . .        b - +0 robe
rPois   .            (no helmet)
rElec   .            h - +0 cloak
rCorr   .            (no gloves)
SInv    .            (no boots)
Will    .....        (no amulet)
Stlth   ++           (no ring)
HPRegen 0.25/turn    (no ring)
MPRegen 0.11/turn

%: no passive effects
@: on berserk cooldown, hasted and slowed, invisible
A: foul stench 1, sturdy frame 1, demonic magic 1
a: no special abilities


You were on level 3 of the Dungeon.
You visited 1 branch of the dungeon, and saw 3 of its levels.

You collected 91 gold pieces.


Innate Abilities, Weirdness & Mutations

You may rarely emit foul miasma when damaged in melee.
Your movements are slightly less encumbered by armour. (ER -2)
Spells you cast may paralyse adjacent enemies.


   Skills:
 * Level 2.2 Short Blades
 + Level 2.4 Dodging
 + Level 3.2 Stealth
 + Level 2.5 Spellcasting
 * Level 3.9 Hexes
 + Level 1.1 Ice Magic


You had 4 spell levels left.
You knew the following spells:

 Your Spells              Type           Power      Damage    Failure   Level
a - Ensorcelled Hibernat  Hex/Ice        20%        N/A       10%         2
b - Confusing Touch       Hex            15%        N/A       11%         3

Your spell library contained the following spells:

 Spells                   Type           Power      Damage    Failure   Level
 Tukima's Dance           Hex            15%        N/A       11%         3
 Summon Small Mammal      Summ           8%         N/A       19%         1
 Dazzling Flash           Conj/Hex       16%        N/A       24%         3
 Summon Guardian Golem    Hex/Summ       8%         N/A       24%         3
 Lesser Beckoning         Tloc           4%         N/A       28%         2
 Call Canine Familiar     Summ           2%         N/A       50%         3
 Gell's Gravitas          Tloc           2%         N/A       50%         3
 Teleport Other           Tloc           2%         N/A       50%         3

Inventory:

Hand Weapons
 a - a +2 dagger (weapon)
Missiles
 f - 23 stones
Armour
 b - a +0 robe (worn)
 h - a +0 cloak (worn)
   (You found it on level 1 of the Dungeon)
Jewellery
 R - a ring of resist corrosion
   (You found it on level 1 of the Dungeon)
 S - a +6 ring of strength
   (You found it on level 3 of the Dungeon)
Scrolls
 i - a scroll of amnesia {unknown}
 n - a scroll of teleportation {@r4}
Potions
 c - a potion of invisibility
 d - a potion of attraction {unknown}
 e - a potion of berserk rage {!q}
 g - a potion of curing {@q1}
 k - a potion of degeneration {unknown}
 l - a potion of heal wounds {unknown}
 m - 2 potions of enlightenment

Dungeon Overview and Level Annotations

Branches:
Dungeon (3/15) Zot: 15288

Altars:
Uskayaw

Annotations:
D:3 Ijyb

...................##
#.#
...................#
#.
...................#
#
...................#
#
...................#
..
...................#
##
.##.####.###.#######
....#
#.......#.#######
.####
#####.ooo@....... ..
##.g####.####. ##
#.).# .. #o#.# ).#
#.#g# .#
#...o.oo)..._.. ..
#......o#...... .
#.......#......
##..#.#?# .....


You could see Ijyb (unable to see you) and 3 orcs.


Message History

The orc suddenly stops moving!
Something hits you. 😕 HP[-4] MP[-2]
You take 4 damage, and now have 24/30 hp.
You lost 2 mp, and now have 5/7 mp.
The helpless orc priest fails to defend itself.
You impale the orc priest!!
You kill the orc priest!
You hear some strange, mumbled words.
A puff of flame appears from out of thin air!
The puff of flame hits you!
* * * LOW HITPOINT WARNING * * *
😨 HP[-11]
You take 11 damage, and now have 13/30 hp.
MASSIVE DAMAGE!! (PAUSE)
Something hits you.
* * * LOW HITPOINT WARNING * * *
😨 HP[-1]
You take 1 damage, and now have 12/30 hp.
You hit something but do no damage. You miss something. You miss something.
The orc is no longer paralysed.
Something hits you.
* * * LOW HITPOINT WARNING * * *
The orc completely misses you. 😨 HP[-4]
You take 4 damage, and now have 8/30 hp.
You hit the orc. Something hits you but does no damage.
The orc barely misses you. 😨 HP[+1]
You hit the orc but do no damage.
You hear some strange, mumbled words.
Something tries to affect you, but you resist.
You closely miss something. Something hits you.
* * * LOW HITPOINT WARNING * * *
😨 HP[-1]
You take 1 damage, and now have 8/30 hp.
You closely miss the orc. Something hits you.
* * * LOW HITPOINT WARNING * * *
😱 HP[-3] MP[+1]
You take 3 damage, and now have 5/30 hp.
It was a potion of berserk rage.
A red film seems to cover your vision as you go berserk!
You feel yourself moving faster!
You feel mighty!
The orc shouts!
The frilled lizard hisses angrily. x2
Something hits you.
* * * LOW HITPOINT WARNING * * *
😱 HP[+1]
You now have 45 max hp (+15).
You puncture the orc!
You kill the orc!
Something hits you.
* * * LOW HITPOINT WARNING * * *
😱 HP[-2]
You take 2 damage, and now have 4/45 hp.
You puncture something!
Reactivating autopickup.
You feel a bit more experienced.
You have reached level 5! 😱 HP[+1]
You now have 52 max hp (+7).
The orc shouts! 😱 HP[+1]
You feel a strong urge to attack something.
The orc shouts!
Ijyb zaps a wand.
The roots erupt in riotous growth!
The grasping roots grab you! The grasping roots constrict you.
* * * LOW HITPOINT WARNING * * *
You hear an angry hiss. 😱 HP[-5]
You take 5 damage, and now have 1/52 hp.
Unknown command.
You escape the roots grasp.
The orc shouts!
Unknown command.
Unknown command.
You feel your anger nearly subside.
You are no longer berserk.
You are exhausted.
You feel yourself slow down.
The orc shouts!
You now have 35 max hp (-17).
Unknown command.
You feel better. 😱 HP[+5]
You regained 5 hp, and now have 6/35 hp.
It was a potion of haste.
You feel yourself speed up.
The orc closely misses you. 😱 HP[+1] MP[+1]
You hit the orc but do no damage. The orc closely misses you.
You catch the helpless orc completely off-guard!
You puncture the orc!
You kill the orc!
You barely miss the orc. The orc hits you with a +0 flail.
* * * LOW HITPOINT WARNING * * *
😱 HP[-4]
You take 4 damage, and now have 3/35 hp.
You hit the orc but do no damage.
The orc shouts!
The orc hits you with a +0 flail!
You die...

Skill      XL: |  1  2  3  4 |
---------------+-------------+-----
Short Blades   | 1 2 |  2.2
Dodging        | 2 |  2.4
Stealth        | 3 |  3.2
Ice Magic      | 1 |  1.1
Spellcasting   | |  2.5
Hexes          | |  3.9

Action                     |  1- 3 |  4- 6 || total
---------------------------+-------+-------++-------
  Melee: Dagger            |   177 |    76 ||   253
         Punch             |     1 |       ||     1
   Cast: Ensorcelled Hiber |     6 |     5 ||    11
    Use: Scroll            |     3 |     3 ||     6
         Potion            |     1 |     5 ||     6
   Stab: Sleeping          |    14 |     3 ||    17
         Invisible         |     1 |     1 ||     2
         Paralysed         |     2 |     4 ||     6
 Armour: Robe              |    70 |    52 ||   122
  Dodge: Dodged            |   119 |    58 ||   177

Levels and vault maps discovered:
D:1:      co_arrival_random_square_maze, layout_loops_corners, nrook_campfire,
          hangedman_decor_opposing, minmay_splitting_lines,
          minmay_strange_pillars
D:2:      layout_basic, minmay_ruptured
D:3:      layout_loops_ring, old_standard_altar, wad_floor_pattern_2, uniq_ijyb

Notes
Turn   | Place    | Note
-------+----------+-------------------------------------------
     0 | D:1      | kae the Demonspawn Enchanter began the quest for the Orb.
     0 | D:1      | Reached XP level 1. HP: 13/13 MP: 3/3
     0 | D:1      | magus.rc [v1.11.3]
   102 | D:1      | Reached skill level 1 in Short Blades
   200 | D:1      | You pick up a book of Displacement and begin reading...
   200 | D:1      | You add the spells Lesser Beckoning, Gell's Gravitas and
                  | Teleport Other to your library.
   223 | D:1      | Gained mutation: Spells you cast may paralyse adjacent
                  | enemies. [demonic ancestry]
   223 | D:1      | Reached XP level 2. HP: 15/19 MP: 5/5
   240 | D:1      | Reached skill level 2 in Dodging
   249 | D:1      | HP: 4/19 [jackal (1)]
   383 | D:1      | Learned a level 2 spell: Ensorcelled Hibernation
   683 | D:1      | Gained mutation: You may rarely emit foul miasma when
                  | damaged in melee. [demonic ancestry]
   683 | D:1      | Reached XP level 3. HP: 24/24 MP: 6/6
   746 | D:1      | Reached skill level 3 in Stealth
  1095 | D:2      | Learned a level 3 spell: Confusing Touch
  1460 | D:2      | You pick up a book of Callings and begin reading...
  1460 | D:2      | You add the spells Summon Small Mammal, Call Canine
                  | Familiar and Summon Guardian Golem to your library.
  2039 | D:2      | Gained mutation: Your movements are slightly less
                  | encumbered by armour. (ER -2) [demonic ancestry]
  2039 | D:2      | Reached XP level 4. HP: 30/30 MP: 4/7
  2366 | D:3      | Noticed Ijyb
  2375 | D:3      | HP: 7/30 [constriction (8)]
  2376 | D:3      | HP: 2/30 [constriction (5)]
  2391 | D:3      | HP: 7/30 [adder (3)]
  2695 | D:3      | Found a hide-covered altar of Uskayaw.
  2705 | D:3      | Reached skill level 2 in Short Blades
  2705 | D:3      | Reached skill level 1 in Ice Magic
  2716 | D:3      | HP: 5/30 [something (3)]
  2720 | D:3      | Reached XP level 5. HP: 5/35 MP: 6/8
  2721 | D:3      | HP: 1/52 [constriction (5)]
  2729 | D:3      | HP: 3/35 [orc/+0 flail (4)]
  2730 | D:3      | Slain by an orc

Vanquished Creatures
  An orc priest (D:3)
  2 orc wizards (D:3)
  A gnoll (D:1)
  An adder (D:3)
  4 dart slugs
  2 orcs (D:3)
  9 bats
  5 endoplasms
  2 giant cockroaches
  9 goblins
  7 hobgoblins
  11 jackals
  6 ball pythons
  2 kobolds
  4 rats
66 creatures vanquished.

Vanquished Creatures (others)
  A rat (D:3)
1 creature vanquished.

Grand Total: 67 creatures vanquished

Table legend:
 A = Non-vault XP
 B = Vault XP
 C = Vault XP percentage of total XP
 D = Non-vault monster count
 E = Vault monster count
 F = Vault count percentage of total count
                 A         B        C        D         E       F
            +---------+---------+-------+---------+---------+-------
      Total |     226 |       5 |   2.2 |      63 |       3 |   4.5
            +---------+---------+-------+---------+---------+-------
        D:1 |      58 |       0 |   0.0 |      24 |       0 |   0.0
        D:2 |      38 |       5 |  11.6 |      21 |       3 |  12.5
        D:3 |     130 |       0 |   0.0 |      18 |       0 |   0.0
            +---------+---------+-------+---------+---------+-------

Skill      XL: |  1  2  3  4 |
---------------+-------------+-----
Short Blades   | 1 2 |  2.2
Dodging        | 2 |  2.4
Stealth        | 3 |  3.2
Ice Magic      | 1 |  1.1
Spellcasting   | |  2.5
Hexes          | |  3.9

Action                     |  1- 3 |  4- 6 || total
---------------------------+-------+-------++-------
  Melee: Dagger            |   177 |    76 ||   253
         Punch             |     1 |       ||     1
   Cast: Ensorcelled Hiber |     6 |     5 ||    11
    Use: Scroll            |     3 |     3 ||     6
         Potion            |     1 |     5 ||     6
   Stab: Sleeping          |    14 |     3 ||    17
         Invisible         |     1 |     1 ||     2
         Paralysed         |     2 |     4 ||     6
 Armour: Robe              |    70 |    52 ||   122
  Dodge: Dodged            |   119 |    58 ||   177

Illustrated notes

Table legend:
 A = Kills in this place as a percentage of kills in the entire game.
 B = Kills by you in this place as a percentage of kills by you in the entire game.
 C = Kills by friends in this place as a percentage of kills by friends in the entire game.
 D = Other kills in this place as a percentage of other kills in the entire game.
 E = Experience gained in this place as a percentage of experience gained in the entire game.
 F = Experience gained in this place divided by the number of levels of this place that you have seen.
                   A       B       C       D       E      F
               +-------+-------+-------+-------+-------+----------------------
         Total | 100.0 | 100.0 |   N/A |   N/A | 100.0 |  77.0
       Dungeon | 100.0 | 100.0 |   N/A |   N/A | 100.0 |  77.0
               +-------+-------+-------+-------+-------+----------------------

Table legend: (Time is in decaauts)
 A = Elapsed time spent in this place.
 B = Non-inter-level travel time spent in this place.
 C = Inter-level travel time spent in this place.
 D = Time resting spent in this place.
 E = Time spent auto-exploring this place.
 F = Levels seen in this place.
 G = Mean time per level.
                   A        B        C        D        E       F      G
               +--------+--------+--------+--------+--------+-----+--------+
         Total |   2711 |   2612 |     99 |     91 |   1982 |   3 |  903.7 |
       Dungeon |   2711 |   2612 |     99 |     91 |   1982 |   3 |  903.7 |
               +--------+--------+--------+--------+--------+-----+--------+

Top non-repeatable levels by time:
     D:2: 1230 daAuts
     D:1: 1082 daAuts
     D:3: 398 daAuts
